 Dungeon Crawl Stone Soup version 0.23.2-33-g5129a83184 (webtiles) character file.

Game seed: 17562593494517582000

681 t4s4d4r the Digger (level 7, -5/36 HPs)
             Began as a Gargoyle Earth Elementalist on June 30, 2019.
             Was an Initiate of Makhleb.
             Killed from afar by an orc wizard (7 damage)
             ... with a magic dart
             ... on level 7 of the Dungeon.
             The game lasted 00:06:32 (5426 turns).

t4s4d4r the Digger (Gargoyle Earth Elementalist)    Turns: 5426, Time: 00:06:34

Health: -5/36      AC:  6    Str: 12    XL:     7   Next: 61%
Magic:  2/15       EV: 12    Int: 17    God:    Makhleb [......]
Gold:   150        SH:  0    Dex: 10    Spells: 12/16 levels left

rFire    . . .     SeeInvis .   w - +4 flail
rCold    . . .     Gourm    .   (no shield)
rNeg     + + .     Faith    .   q - +0 robe {rN+}
rPois    ∞         Spirit   .   (no helmet)
rElec    +         Reflect  .   (no cloak)
rCorr    .         Harm     .   (no gloves)
MR       .....                  (no boots)
Stlth    ++........             (no amulet)
HPRegen  0.12/turn              l - ring of flight
MPRegen  0.14/turn              (no ring)

@: very slightly contaminated
A: negative energy resistance 1, electricity resistance, unbreathing,
petrification resistance, rot immunity, AC +4
a: Renounce Religion, Evoke Flight


You were on level 7 of the Dungeon.
You worshipped Makhleb.
Makhleb was noncommittal.
You were hungry.

You visited 1 branch of the dungeon, and saw 5 of its levels.

You collected 150 gold pieces.

Inventory:

Hand Weapons
 w - a +4 flail (weapon)
Missiles
 b - 119 stones (quivered)
Armour
 q - a +0 robe of positive energy (worn)
Jewellery
 l - a ring of flight (left hand)
 o - an uncursed amulet of faith
Scrolls
 a - a scroll of immolation {unknown}
 c - 3 scrolls of remove curse
 n - a scroll of blinking {unknown}
 s - a scroll of identify
 t - 2 scrolls of enchant armour {unknown}
Potions
 e - 2 potions of lignification {unknown}
 f - 2 potions of curing
 h - 2 potions of flight {unknown}
 i - a potion of agility {unknown}
 j - a potion of degeneration {unknown}
 k - 5 potions of mutation
 m - a potion of resistance {unknown}
 p - 2 potions of brilliance {unknown}
 r - a potion of haste {unknown}
 u - a potion of magic {unknown}
 v - a potion of berserk rage {unknown}
Comestibles
 d - 14 rations


   Skills:
 - Level 1.5 Dodging
 - Level 2.1 Stealth
 + Level 5.4 Spellcasting
 - Level 3.0 Conjurations
   Level 0.7 Transmutations
 - Level 7.0 Earth Magic


You had 12 spell levels left.
You knew the following spells:

 Your Spells              Type           Power        Failure   Level  Hunger
a - Sandblast             Erth           ####..       1%          1    None
b - Stone Arrow           Conj/Erth      ###...       5%          3    ##.....

Your spell library contained the following spells:

 Spells                   Type           Power        Failure   Level  Hunger
 Passwall                 Tmut/Erth      ###.....     4%          2    #......
 Lee's Rapid Deconstruct  Erth           ####......   22%         5    ######.
 Petrify                  Tmut/Erth      ###.....     28%         4    ####...


Dungeon Overview and Level Annotations

Branches:
Dungeon (4/15)             Temple (0/1) D:4

Altars:
Hepliaklqana
Makhleb
Vehumet
Xom


Innate Abilities, Weirdness & Mutations

You are resistant to torment.
Your stone body is resilient. (AC +4)
You are immune to poison.
You resist negative energy. (rN+)
You are resistant to electric shocks. (rElec)
You can survive without breathing.
You are immune to petrification.
You are immune to rotting.


Message History

Aim: an orc, wearing a +0 leather armour (severely wounded)
The blast of sand hits something.
b - 120 stones You hear some strange, mumbled words.
A magic dart appears from out of thin air!
The magic dart hits you.
* * * LOW HITPOINT WARNING * * *
Casting: Sandblast (safe; 1% risk of failure)
Confirm with . or Enter, or press ? or * to list all spells.
Aiming: Sandblast (safe; 1% risk of failure)
Press: ? - help, Shift-Dir - straight line, f/p - orc
Aim: an orc, wearing a +0 leather armour (severely wounded)
The blast of sand hits the orc!
You kill the orc!
Makhleb accepts your kill.
b - 119 stones You hear some strange, mumbled words.
A magic dart appears from out of thin air!
The magic dart hits you!
You die...

♣ >♣ . .♣
♣! ♣[ ♣)♣♣
♣@♣ ♣.♣
♣.♣♣♣ ♣♣..♣
♣♣†♣♣♣♣♣♣♣
♣..♣♣...♣♣
♣
♣♣..♣.♣♣.♣♣
.♣
♣.♣.♣♣♣♣.♣
.♣ ...♣♣♣
♣.♣♣♣♣.♣


There were no monsters in sight!

Vanquished Creatures
  Menkaure (D:4)
  An orc warrior (D:7)
  A crimson imp (D:4)
  2 orc priests
  A centaur skeleton (D:7)
  2 iguanas (D:4)
  3 orc wizards
  2 worker ants
  A hound skeleton (D:4)
  A gnoll (D:1)
  A howler monkey skeleton (D:4)
  4 adders
  An ooze (D:1)
  A dart slug (D:4)
  2 worms (D:3)
  2 leopard geckos (D:3)
  10 orcs
  A ball python (D:4)
  3 giant cockroaches
  4 hobgoblins
  6 jackals (D:1)
  2 quokkas
  7 bats
  14 frilled lizards
  12 goblins
  7 kobolds
  2 quokka skeletons (D:4)
  6 rats
100 creatures vanquished.

Notes
Turn   | Place    | Note
-------+----------+-------------------------------------------
     0 | D:1      | t4s4d4r the Gargoyle Earth Elementalist began the quest for
                  | the Orb.
     0 | D:1      | Reached XP level 1. HP: 10/10 MP: 3/3
   352 | D:1      | Reached XP level 2. HP: 6/15 MP: 2/5
   665 | D:1      | Reached XP level 3. HP: 17/19 MP: 7/7
  1076 | D:1      | Reached skill level 4 in Earth Magic
  1765 | D:2      | Learned a level 3 spell: Stone Arrow
  1869 | D:2      | Reached XP level 4. HP: 19/24 MP: 8/8
  2918 | D:3      | Reached skill level 1 in Conjurations
  3041 | D:3      | Reached skill level 5 in Earth Magic
  3285 | D:3      | Reached XP level 5. HP: 21/28 MP: 6/9
  4026 | D:3      | Reached skill level 6 in Earth Magic
  4473 | D:3      | Found a shimmering altar of Xom.
  4474 | D:3      | Found a hazy altar of Hepliaklqana.
  4475 | D:3      | Noticed a spectral ugly thing
  4578 | D:4      | Noticed Menkaure
  4584 | D:4      | Killed Menkaure
  4584 | D:4      | Reached XP level 6. HP: 20/32 MP: 3/10
  4588 | D:4      | Reached skill level 7 in Earth Magic
  4859 | D:4      | Found a radiant altar of Vehumet.
  4860 | D:4      | Found a burning altar of Makhleb.
  4870 | D:4      | Became a worshipper of Makhleb the Destroyer
  5014 | D:4      | Found a staircase to the Ecumenical Temple.
  5021 | D:4      | Reached XP level 7. HP: 27/36 MP: 6/13
  5237 | D:4      | Found a shimmering altar of Xom.
  5353 | D:4      | You fall through a shaft for 3 floors!
  5419 | D:7      | HP: 1/36 [orc warrior/+0 flail (13)]
  5420 | D:7      | Reached skill level 5 in Spellcasting
  5426 | D:7      | Killed from afar by an orc wizard

Skill      XL: |  1  2  3  4  5  6  7 |
---------------+----------------------+-----
Spellcasting   | 3 4 5 |  5.4
Earth Magic    | 4 5 6 7 |  7.0
Conjurations   | 1 3 |  3.0
Dodging        | |  1.5
Stealth        | |  2.1
Transmutations | |  0.7

Action                   |  1- 3 |  4- 6 |  7- 9 || total
-------------------------+-------+-------+-------++-------
Melee: Unarmed           |    14 |       |       ||    14
       Club              |    45 |       |       ||    45
       Short sword       |    67 |   135 |       ||   202
       Flail             |       |    28 |    31 ||    59
 Cast: Sandblast         |    10 |    34 |    22 ||    66
  Use: Scroll            |     1 |     3 |       ||     4
       Potion            |       |       |     1 ||     1
 Stab: Sleeping          |     2 |     1 |     1 ||     4
  Eat: Chunk             |     3 |    10 |     1 ||    14
Armor: Robe              |    58 |    52 |    22 ||   132
Dodge: Dodged            |    90 |   111 |    24 ||   225
